[Event "44th Chess Olympiad Open 2022"]
[Site "Chennai"]
[Date "2022.08.05"]
[Round "7.63"]
[White "Rongwane, Gomolemo"]
[Black "Vasco Mateus Felizardo Viageir"]
[Result "1-0"]
[ECO "E14"]
[WhiteElo "2033"]
[BlackElo "1852"]
[Annotator "TA"]
[PlyCount "101"]
[EventDate "2022.07.29"]
[EventType "team-tourn"]
[EventCountry "IND"]
[SourceTitle "playchess.com"]
[Source "ChessBase"]
[SourceQuality "1"]
[WhiteTeam "Botswana"]
[BlackTeam "Mozambique"]
[WhiteTeamCountry "BOT"]
[BlackTeamCountry "MOZ"]
[TimeControl "40/5400+30:1800+30"]

1. d4 Nf6 2. Nf3 e6 3. e3 b6 4. Bd3 Bb7 5. O-O Be7 6. Nbd2 c5 7. b3 cxd4 8. exd4 O-O 9. Bb2 d6 10. Re1 Nbd7 11. c4 Re8 {[%emt 0:00:52] E14: Queen's Indian: Classical Variation (4 e3).} 12. Qc2 Rc8 13. Rad1 {[%emt 0:02:03] [#]} Qc7 $146 {[%emt 0:01:49] The position is equal.} ({Predecessor:} 13... Nf8 14. Qb1 N6d7 15. a3 Ng6 16. b4 Ndf8 17. Bf1 Nh4 18. Nxh4 Bxh4 19. d5 e5 {0-1 (45) Almeida Quintana,O (2437)-Kallio,H (2474) Santa Clara 2003}) 14. Qb1 Bf8 15. Re3 g6 16. Qa1 (16. Ng5 {is more complex.} Bh6 17. Rg3 Nh5 18. Nxf7 Bxd2 19. Rxd2 Nxg3 20. Bxg6 Kg7 21. Nxd6 hxg6 22. Nxe8+ Rxe8 23. hxg3 Kf7 24. Re2) 16... Bh6 17. Ree1 Nh5 18. Bf1 Bg7 19. g3 Qb8 20. Bh3 Rcd8 21. Re2 Qa8 22. Re3 f5 23. Bg2 Bh6 (23... e5 $5 24. d5 b5 $15) 24. Rd3 e5 (24... Ndf6 $15) 25. dxe5 $11 Nc5 {[%emt 0:01:41] [#]} (25... Nxe5 $11 26. Nxe5 Bxg2) 26. Rd5 $1 $14 Bxd5 27. cxd5 dxe5 {[%emt 0:00:20] White now steadily converts the win.} (27... Qxd5 $2 28. Nc4 Qf7 29. Nxd6 $18) (27... Bxd2 $14 28. Nxd2 dxe5) 28. Nxe5 $16 {[%emt 0:00:23][%cal Od5d6] Strongly threatening d6!} Bg7 $2 (28... Rxd5 29. Bxd5+ Qxd5) 29. b4 (29. d6 $142 Ne4 30. Nxe4 fxe4 31. Bf1) 29... Bxe5 $2 (29... Nb7) 30. bxc5 Bxb2 31. Qxb2 {[%emt 0:00:10] Black must now prevent d6.} Rxd5 (31... Ng7 32. c6 (32. d6 Qb8 $18) 32... Rd6) 32. Qb3 $18 {[%emt 0:00:25][%mdl 64] [#] Pin} Red8 33. Nf1 Nf6 34. Ne3 {[%emt 0:00:34][%mdl 64] Pin} Kg7 35. Nxd5 Nxd5 36. Rxd5 {[%emt 0:02:36] And now Qc3+ would win.} Rxd5 37. Qxd5 (37. Bxd5 $142 Qd8 38. c6) 37... Qxd5 38. Bxd5 {[%emt 0:00:08] Threatening mate with c6.} bxc5 {[%emt 0:00:05][%mdl 4096] Endgame KB-KP} 39. f4 Kf6 40. Kf2 {[%emt 0:00:47] Intending h4 and mate.} Ke7 41. Ke3 {[%emt 0:30:11] White mates.} Kd6 42. Bg8 Ke7 43. Kd3 h6 44. Kc4 Kf6 45. a4 g5 46. Kxc5 gxf4 47. gxf4 Kg6 48. Be6 Kh5 49. Bxf5 Kh4 50. Kd6 a5 51. Bg6 {[%emt 0:00:13] Weighted Error Value: White=0.20 (precise) /Black=0.88} 1-0

[Event "44th Chess Olympiad Open 2022"]
[Site "Chennai"]
[Date "2022.08.05"]
[Round "7.63"]
[White "Sabure, Bojosi"]
[Black "Jamal, Hamid Harmon Gulamo"]
[Result "1-0"]
[ECO "C00"]
[WhiteElo "1966"]
[BlackElo "1617"]
[Annotator "TA"]
[PlyCount "67"]
[EventDate "2022.07.29"]
[EventType "team-tourn"]
[EventCountry "IND"]
[SourceTitle "playchess.com"]
[Source "ChessBase"]
[SourceQuality "1"]
[WhiteTeam "Botswana"]
[BlackTeam "Mozambique"]
[WhiteTeamCountry "BOT"]
[BlackTeamCountry "MOZ"]
[TimeControl "40/5400+30:1800+30"]

1. e4 c5 2. b4 cxb4 3. d4 d5 4. e5 e6 5. Nf3 Nc6 6. a3 bxa3 7. c3 f6 (7... Bd7 {feels stronger.}) 8. Bd3 $11 {[%emt 0:02:42][%mdl 1024] White has compensation. C00: French: Unusual White 2nd moves.} Qc7 (8... fxe5 $11 9. Nxe5 Nxe5 10. dxe5 g6) 9. Qe2 {[%emt 0:06:23] [#]} Na5 $146 ({Predecessor:} 9... fxe5 10. dxe5 Nh6 11. Bxh6 gxh6 12. O-O Bg7 13. Re1 O-O 14. Nxa3 a6 15. c4 Rxf3 16. Qxf3 Nxe5 {1-0 (37) Fiori,N-Crotti,L Buenos Aires 2002}) 10. Ra2 {[%emt 0:05:33] White is slightly better.} ({Much worse is} 10. Bxa3 Bxa3 11. Rxa3 Ne7 $11) 10... Nc4 11. O-O b5 (11... f5 $11) 12. Nxa3 $16 Bd7 13. exf6 (13. Re1 {looks sharper.} Ne7 14. exf6 gxf6 15. Nxc4 bxc4 16. Bc2) 13... Nxf6 14. Bf5 Bxa3 {[%emt 0:03:17] White now steadily converts the win.} 15. Bxa3 Nxa3 16. Bxe6 Kf8 {[%emt 0:06:46] [#]} (16... Kd8 $16 {keeps fighting.}) 17. Bxd7 $1 $18 ({And not} 17. Rxa3 Re8 $11) 17... Qxc3 $2 (17... Qxd7 18. Rxa3 a6) 18. Qe6 Qb4 19. Ne5 (19. Re2 $142 {Threatening mate with Ng5.} Rd8 20. Ne5) 19... Qe7 {[%emt 0:01:03] [#]} 20. Rxa3 $1 Qxe6 21. Bxe6 Ke7 22. Ra6 Rhb8 23. Nc6+ Kxe6 24. Nxb8+ {[%emt 0:00:11][%mdl 64] Discovered Attack} Kf5 25. Nc6 Ne4 26. Rxa7 Rxa7 27. Nxa7 b4 28. Rb1 g5 29. f3 Nc3 30. Rxb4 {[%emt 0:00:15] Black must now prevent Kf2.} Kf4 31. Kf2 {[%emt 0:00:26] White wants to mate with Rb3.} Nd1+ 32. Ke2 {[%emt 0:00:11] White mates.} Nc3+ 33. Kd2 Na2 34. Rb3 {[%emt 0:00:10] Weighted Error Value: White=0.42/Black=0.38} 1-0

[Event "44th Chess Olympiad Open 2022"]
[Site "Chennai"]
[Date "2022.08.05"]
[Round "7.63"]
[White "Napoleao, Lourenco"]
[Black "Oratile, Kgotlane"]
[Result "1-0"]
[ECO "B27"]
[WhiteElo "1778"]
[BlackElo "2024"]
[Annotator "TA"]
[PlyCount "103"]
[EventDate "2022.07.29"]
[EventType "team-tourn"]
[EventCountry "IND"]
[SourceTitle "playchess.com"]
[Source "ChessBase"]
[SourceQuality "1"]
[WhiteTeam "Mozambique"]
[BlackTeam "Botswana"]
[WhiteTeamCountry "MOZ"]
[BlackTeamCountry "BOT"]
[TimeControl "40/5400+30:1800+30"]

1. e4 c5 2. Nf3 g6 3. d4 cxd4 4. Qxd4 Nf6 5. e5 Nc6 6. Qa4 Nd5 7. Qb3 {[%emt 0:01:01] B27: Sicilian: 2 Nf3, unusual Black 2nd moves.} Nc7 {[%emt 0:00:54] 7...Nc7 is better than 7...Nb6.} 8. Nc3 Bg7 9. Bf4 {[%emt 0:00:09] The position is equal.} Ne6 10. Bg3 Ned4 11. Nxd4 Nxd4 12. Qa4 Nc6 13. f4 $36 {[%emt 0:02:08][%mdl 2048] Black is under pressure.} O-O 14. O-O-O {[%emt 0:00:42] [#]} a6 $146 {[%emt 0:01:44] [#]} ({Black should try} 14... d6) ({Predecessor:} 14... b6 15. h4 a5 16. h5 Ba6 17. hxg6 Bxf1 18. gxf7+ Rxf7 19. Rhxf1 Qc8 20. Ne4 b5 {1-0 (75) Salonen,M (2022)-Tiitta,S (2198) Finland 2019}) 15. h4 (15. Bh4 $1 $16) 15... b5 (15... h5 $11) 16. Qe4 Qa5 17. Kb1 d5 18. Nxd5 {[%emt 0:10:03] And now Be1 would win.} Be6 ({Black should play} 18... Rd8 $1 $14) 19. Be1 $18 {[%emt 0:04:32] Active counter play!} Bxd5 20. Rxd5 ({Don't take} 20. Qxd5 Qc7 21. Bd3 Rfd8) 20... Qb6 21. h5 Rad8 22. hxg6 hxg6 23. Bd3 Rxd5 24. Qxd5 Rd8 25. Qe4 Qc5 26. Rf1 Qd5 {[%emt 0:09:36] Strongly threatening ...Qxe4.} 27. Bh4 {[%emt 0:04:16] Black must now prevent Qxd5.} Qe6 28. Bf2 {[%emt 0:04:20] Against Rd4} Na5 29. b3 {[%emt 0:07:57] Against Nc4} Nc6 30. Bb6 (30. Be2 $18) 30... Rc8 $16 31. Be3 f5 {[%emt 0:09:42] [#]} 32. Qf3 ({Don't play} 32. exf6 Qxf6 33. c3 Rd8 $16) 32... Rd8 (32... Nb4 {keeps fighting.} 33. Rd1 Nxd3) 33. Bd2 $18 Nd4 34. Qf2 Rd7 35. Bc3 Nc6 36. g4 {[%emt 0:01:54] Hoping for gxf5.} Qd5 $2 (36... Rxd3 37. cxd3 fxg4) 37. gxf5 gxf5 38. Bxf5 {[%emt 0:00:26] This bishop pair is nice.} e6 39. Bd3 Rf7 40. Bg6 Rd7 41. Re1 Rc7 42. Be4 Qd7 43. Bxc6 (43. f5 $142) 43... Qxc6 44. Bb2 {[%emt 0:00:00] Threatens to win with f5.} a5 $2 (44... Rf7 45. Rg1 a5) 45. f5 exf5 46. Qxf5 {[%emt 0:00:00] e6 is the strong threat.} Rf7 47. Qd3 Rd7 48. Qe2 {[%emt 0:00:00] White threatens e6 and mate.} Bh6 49. e6 {[%emt 0:00:00] White mates.} Rd2 50. Qg4+ Kf8 51. e7+ Kf7 52. e8=Q+ {[%emt 0:00:00] Weighted Error Value: White=0.28 (precise) /Black=0.37} 1-0

[Event "44th Chess Olympiad Open 2022"]
[Site "Chennai"]
[Date "2022.08.05"]
[Round "7.64"]
[White "Myat Thiri Aung Kyaw"]
[Black "Alhejab, Meshal"]
[Result "1-0"]
[ECO "B30"]
[WhiteElo "2120"]
[BlackElo "1732"]
[Annotator "TA"]
[PlyCount "93"]
[EventDate "2022.07.29"]
[EventType "team-tourn"]
[EventCountry "IND"]
[SourceTitle "playchess.com"]
[Source "ChessBase"]
[SourceQuality "1"]
[WhiteTeam "Myanmar"]
[BlackTeam "Kuwait"]
[WhiteTeamCountry "MYA"]
[BlackTeamCountry "KUW"]
[TimeControl "40/5400+30:1800+30"]

1. e4 c5 2. Nf3 Nc6 3. Nc3 e5 4. Bc4 d6 5. a4 g6 6. d3 {[%emt 0:00:35] B30: Sicilian: 2...Nc6 3 Bb5, lines without ...g6.} h6 {[%emt 0:07:41] Against Ng5} 7. Nd5 Bg7 8. Be3 {[%emt 0:01:48] [#] White has an edge.} Nf6 $146 ({Predecessor:} 8... Nge7 9. c3 Nxd5 10. Bxd5 Ne7 11. Bc4 O-O 12. Nd2 Kh7 13. O-O b6 14. b4 Bb7 15. bxc5 dxc5 {1-0 (41) Gelis,D (2154)-Terrieux,K (2030) Hyeres 2002}) 9. Nxf6+ Qxf6 10. Qd2 Bg4 11. Ng1 (11. Ng5 $5 ) 11... Rc8 12. Ne2 Qd8 13. O-O Ne7 14. f4 d5 15. exd5 Nxd5 16. fxe5 O-O (16... Be6 $16 {keeps fighting.} 17. Bxd5 Qxd5) 17. Nc3 $2 (17. Bxh6 $18 {is the precise move to win. Black must now prevent Rae1.} Bxh6 18. Qxh6 Bxe2 19. Rfe1 (19. Rf2 Bg4 $11)) 17... Nxe3 $16 18. Qxe3 Qd4 19. Qxd4 {[%emt 0:04:07] 0x0.001f2622a385dp-1022s more active pieces.} cxd4 20. Nd5 (20. Nb5 $1 $16) 20... Kh8 21. Rae1 Be6 22. b3 $36 {[%emt 0:07:34][%cal Bb2b3,Bb3b4][%mdl 2080] White is in control.} a6 (22... Bxd5 $16 23. Bxd5 Rc7) 23. Nb6 ({White should play} 23. Nf4 $1 $18 Bxc4 24. bxc4 (24. dxc4 Rfe8 $16)) 23... Rc7 24. a5 Re8 25. Bxe6 Rxe6 26. Nc4 Rce7 27. b4 Kg8 (27... Bxe5 $16 28. Rxe5 (28. Nxe5 Rxe5 29. Rxe5 Rxe5 $16) 28... Rxe5) 28. Rf4 $1 $18 Rd7 {[%emt 0:01:37] [#]} 29. Ree4 $1 Bf8 30. Rxd4 Rxd4 31. Rxd4 {[%emt 0:00:02] Hoping for Rd8.} Bxb4 {[%emt 0:00:19][%mdl 4096] Endgame KRB-KRN} 32. Rd8+ Kg7 33. Kf2 Bc3 34. Rd7 Bxe5 35. Rxb7 (35. h3 $16) 35... Bc3 (35... Rf6+ $1 $11 36. Ke3 Bf4+ 37. Ke2 Bxh2) 36. Kf3 Bd4 37. Rd7 Bc3 {[%emt 0:00:50] [#]} (37... Bf6 $16 {was necessary.} 38. h3 Kf8) 38. d4 $1 Kf6 $2 (38... Re1 {might work better.} 39. g3 h5) 39. Ne5 (39. d5 $142 Re1 40. Rd6+ Ke7 41. Rxa6) 39... Bxa5 $2 (39... Re7 40. Rd5 Ke6) 40. Rxf7+ Kg5 41. Ke4 Bc3 42. Rf3 Be1 43. d5 Re8 44. d6 {[%emt 0:00:00] d7 is the strong threat.} Ba5 45. Kd5 Rc8 46. c4 Rb8 47. Nc6 {[%emt 0:00:00][%csl LRa5,LRb8] Weighted Error Value: White=0.18 (very precise) /Black=0.65} 1-0

[Event "44th Chess Olympiad Open 2022"]
[Site "Chennai"]
[Date "2022.08.05"]
[Round "7.64"]
[White "Sai Han Thiha"]
[Black "Al-Hajiri, Bader"]
[Result "1-0"]
[ECO "E61"]
[WhiteElo "1974"]
[BlackElo "2011"]
[Annotator "TA"]
[PlyCount "49"]
[EventDate "2022.07.29"]
[EventType "team-tourn"]
[EventCountry "IND"]
[SourceTitle "playchess.com"]
[Source "ChessBase"]
[SourceQuality "1"]
[WhiteTeam "Myanmar"]
[BlackTeam "Kuwait"]
[WhiteTeamCountry "MYA"]
[BlackTeamCountry "KUW"]
[TimeControl "40/5400+30:1800+30"]

1. d4 Nf6 2. Bf4 g6 3. Nf3 Bg7 4. e3 O-O 5. Be2 d6 6. h3 Nbd7 7. O-O Re8 8. c4 c5 9. Nc3 cxd4 10. exd4 Qa5 {[%emt 0:00:18] E61: King's Indian: Early deviations for White, including Smyslov System.} 11. a3 {[%emt 0:19:04] [#]} Qf5 $146 ({Predecessor:} 11... e5 12. b4 Qc7 13. Nb5 Qc6 14. d5 Qb6 15. Be3 Qd8 16. Nxd6 Rf8 17. Rc1 b6 18. c5 bxc5 19. bxc5 {1-0 (36) Rick,N (1490)-Sistig,M (1868) Reinstorf 2022}) 12. Be3 {[%emt 0:17:12] Black must now prevent Nb5.} d5 (12... Qa5 $16 {was called for.}) 13. Nb5 {[%emt 0:11:08] aiming for Nc7.} Rd8 14. c5 a6 (14... Nf8 $16 15. Bg5 Ne4 16. Bxe7 Rd7) 15. Nc7 $18 Rb8 16. Nh4 Qe4 17. g4 Ne5 {[%emt 0:03:53][%cal Rf6g4] Prevents Bd3.} 18. Ng2 $1 {[%emt 0:03:34] Hoping for f3.} ({Inferior is} 18. dxe5 Qxe5 19. Qd4 (19. g5 $2 Ne4 $19) 19... Qxc7 $11) 18... Bxg4 19. hxg4 Nexg4 {[%emt 0:00:12] [#]} 20. Bf4 $1 Nh5 {[%emt 0:02:40] [#]} 21. Be3 (21. Bxg4 Nxf4 22. Bf3 Qf5 $17) (21. Bg5 $1 $18 Nxf2 22. Rxf2 Bxd4 23. Bxh5 Bxf2+ 24. Kxf2 gxh5 25. Qxh5 Qd4+ 26. Kf1 Qc4+ 27. Qe2) 21... Nxe3 (21... Nhf6 $1 $11 {and Black stays safe.}) 22. fxe3 {[%emt 0:07:55] And now Bd3 would win. The board is on fire.} e5 $2 (22... Bh6) 23. Bd3 {[%emt 0:00:00] White is clearly winning.} ({Stronger than} 23. Bxh5 gxh5 24. Qxh5 Rd7 $11) 23... exd4 24. Bxe4 dxe4 25. Qb3 {[%emt 0:00:00] Weighted Error Value: White=0.22 (precise) /Black=0.76} 1-0

[Event "44th Chess Olympiad Open 2022"]
[Site "Chennai"]
[Date "2022.08.05"]
[Round "7.64"]
[White "Hashem, Khaled"]
[Black "Nay Lin Tun"]
[Result "1-0"]
[ECO "A38"]
[WhiteElo "1870"]
[BlackElo "2045"]
[Annotator "TA"]
[PlyCount "117"]
[EventDate "2022.07.29"]
[EventType "team-tourn"]
[EventCountry "IND"]
[SourceTitle "playchess.com"]
[Source "ChessBase"]
[SourceQuality "1"]
[WhiteTeam "Kuwait"]
[BlackTeam "Myanmar"]
[WhiteTeamCountry "KUW"]
[BlackTeamCountry "MYA"]
[TimeControl "40/5400+30:1800+30"]

1. Nf3 Nf6 2. c4 c5 3. g3 g6 4. Bg2 Bg7 5. O-O O-O 6. Nc3 Nc6 7. a3 d5 8. cxd5 Nxd5 9. Nxd5 Qxd5 10. d3 Qd6 11. Qa4 {[%emt 0:05:08] [#] A38: Symmetrical English vs ...g6: 4 Bg2 Bg7 5 Nf3 Nf6.} (11. Bf4 $5 e5 12. Be3 $11) 11... Nd4 $146 ({Predecessor:} 11... e5 12. Be3 Bd7 13. Qh4 Nd4 14. Nxd4 exd4 15. Bf4 Be5 16. Bxe5 Qxe5 17. Bxb7 Rab8 18. Bf3 Rxb2 {0-1 (41) Kalinski,K-Feletar,D (2355) Zagreb 1998}) 12. Nxd4 cxd4 13. Bd2 {[%emt 0:06:33] White is slightly better.} Bg4 14. Rfe1 Qb6 15. Qb4 Rac8 16. h3 (16. Bxb7 Rc2 $11) 16... Be6 (16... Qxb4 $14 {deserves consideration.} 17. axb4 (17. Bxb4 Bd7 $14) 17... Be6) 17. Rac1 ({Of course not} 17. Bxb7 $6 Rc2 $11) 17... Qxb4 18. Bxb4 Bh6 19. f4 Rfe8 20. h4 ({White should try} 20. Bxb7 Rb8 21. Rc7) 20... b6 $2 {[%emt 0:01:33] [#]} (20... Bg4 $16 {might work better.}) 21. Bc6 $18 Red8 22. Bxe7 Bf8 23. Bxd8 Rxd8 24. Bb5 Bd6 25. Rc2 a5 26. Rb1 h6 27. b4 axb4 28. axb4 g5 29. hxg5 hxg5 30. Rc6 gxf4 31. Bc4 Bg4 32. gxf4 Bxe2 (32... b5 $142 33. Bxb5 Kg7) 33. Kf2 Bh5 34. Rxb6 Bxf4 35. Rh1 Be3+ 36. Kg3 Be2 37. Re1 Bh5 38. Rh1 Be2 {[%emt 0:00:03] A strong pair of Bishops.} 39. Rh2 Bd1 40. Rg6+ Kf8 41. Rf6 Kg7 42. Rxf7+ Kg6 43. Ra2 {[%emt 0:00:00] [#] Strongly threatening Rf1.} Rd6 44. b5 Kg5 45. Ra6 Rd8 46. b6 Rh8 47. b7 Bg1 48. Rd7 (48. Rg7+ $142 Kf5 49. Be6+ Kf6 50. Rf7+ Kg5 51. Rf5+ Kg6 52. Bc8+ Kg7 53. Ra2) 48... Bh2+ 49. Kg2 Bb8 50. Rg7+ Kf4 51. Rg8 Bf3+ 52. Kf2 Rh2+ 53. Kf1 $2 (53. Ke1 {White threatens Rf6+ and mate.} Be5 54. b8=Q Re2+ 55. Kf1 Bxb8 56. Rf6+ Ke3 57. Rxb8 Bg2+ 58. Kg1) 53... Rh1+ 54. Rg1 ({Less strong is} 54. Kf2 Rh2+ 55. Ke1 Be5 $18) 54... Rh7 $2 (54... Bxb7 55. Rxh1 Bxh1) 55. Rf6+ Ke3 56. Rf8 Be2+ (56... Rxb7 $142 57. Rxf3+ (57. Re8+ Kd2 $16) 57... Kxf3 58. Bd5+ Ke3 59. Bxb7 Kxd3) 57. Ke1 Rh1 58. Re8+ Kf3 59. Bd5+ {[%emt 0:00:35] Weighted Error Value: White=0.34/Black=0.60} 1-0

[Event "44th Chess Olympiad Open 2022"]
[Site "Chennai"]
[Date "2022.08.05"]
[Round "7.64"]
[White "Al Ibrahim, Abdulrahman"]
[Black "Zaw Ye Htut"]
[Result "1/2-1/2"]
[ECO "B01"]
[WhiteElo "1822"]
[BlackElo "1255"]
[Annotator "NA RC COMBH"]
[PlyCount "119"]
[EventDate "2022.07.29"]
[EventType "team-tourn"]
[EventCountry "IND"]
[SourceTitle "playchess.com"]
[Source "ChessBase"]
[SourceQuality "1"]
[WhiteTeam "Kuwait"]
[BlackTeam "Myanmar"]
[WhiteTeamCountry "KUW"]
[BlackTeamCountry "MYA"]
[TimeControl "40/5400+30:1800+30"]

1. e4 d5 2. exd5 Qxd5 3. Nc3 Qa5 4. d4 Nf6 5. Nf3 Nc6 6. Bb5 Nd5 7. Bd2 Nxc3 8. Bxc6+ bxc6 9. Bxc3 Qd5 10. h3 Ba6 11. Qd2 e6 12. b3 Bd6 13. O-O-O O-O 14. Bb4 Bxb4 15. Qxb4 Be2 16. Rde1 a5 17. Qd2 Bxf3 18. Re5 Qd6 19. gxf3 Qa3+ 20. Kb1 a4 21. Rg1 g6 22. Rc5 Ra6 23. Qc1 axb3 24. Qxa3 Rxa3 25. axb3 Rfa8 26. Kb2 R8a6 27. h4 Kf8 28. h5 Ke7 29. hxg6 hxg6 30. Rh1 Ra2+ 31. Kc3 Rb6 32. Kd3 Ra8 33. Ke4 Rd8 34. Rh3 Rb4 35. c3 Rxb3 36. Rxc6 Kd7 37. Rc5 Kd6 38. Rh7 Rd7 39. Rh1 c6 40. Ra1 f5+ 41. Ke3 g5 42. Rg1 Rg7 43. Ra1 Rb2 44. Ra6 Rc7 45. Ra8 f4+ 46. Kd3 Rxf2 47. Rxg5 Rxf3+ 48. Ke4 Rxc3 49. Rf8 c5 50. dxc5+ R3xc5 51. Rxc5 Rxc5 52. Kxf4 Rc4+ 53. Ke3 Ke5 54. Ra8 Rc5 55. Ra4 Rc3+ 56. Kd2 Rh3 57. Ke2 Kf5 58. Rb4 e5 59. Ra4 Rg3 60. Rb4 1/2-1/2

[Event "44th Chess Olympiad Open 2022"]
[Site "Chennai"]
[Date "2022.08.05"]
[Round "7.65"]
[White "Bridet, Robert"]
[Black "Schadler, Martin"]
[Result "1-0"]
[ECO "B06"]
[WhiteElo "1497"]
[BlackElo "1939"]
[Annotator "TA"]
[PlyCount "93"]
[EventDate "2022.07.29"]
[EventType "team-tourn"]
[EventCountry "IND"]
[SourceTitle "playchess.com"]
[Source "ChessBase"]
[SourceQuality "1"]
[WhiteTeam "DMA"]
[BlackTeam "Liechtenstein"]
[BlackTeamCountry "LIE"]
[TimeControl "40/5400+30:1800+30"]

1. e4 d6 2. d4 g6 3. Nf3 Bg7 4. Be3 a6 5. Nbd2 Nd7 6. c3 {[%emt 0:01:17] B06: Modern Defence.} b6 7. Bc4 {[%emt 0:02:25] [#]} b5 $146 {[%emt 0:00:20][%mdl 8192] [#]} ({Better is} 7... e6 $14) ({Predecessor:} 7... e6 8. O-O Ne7 9. Re1 h6 10. Qc2 Bb7 11. Bd3 g5 12. h3 Ng6 13. b3 Qe7 {1-0 (32) Lauferon,A (1865)-Capelle,T Europe Echecs INT 2020}) 8. Bd5 $2 (8. Bxf7+ $1 Kf8 9. Ng5) 8... Rb8 $2 {[%emt 0:00:13] [#]} (8... c6 {might work better.}) 9. Bxf7+ $1 $18 Kf8 10. Ng5 {[%emt 0:00:46] Ne6+ is the strong threat.} Nb6 11. Qf3 {[%emt 0:09:56] Strongly threatening Bxg8+.} Nf6 12. Ne6+ Bxe6 13. Bxe6 Nbd7 14. Qf4 h5 15. Nf3 Bh6 16. Qh4 Kg7 17. e5 Ng4 18. Bg5 Bxg5 19. Nxg5 ({Not} 19. Qxg5 Nf8 $18) 19... Nh6 20. Qh3 Nf8 21. Qf3 Qe8 22. O-O Nxe6 23. Nxe6+ Kh7 24. Nxc7 Qd7 (24... Qc8 $142) 25. exd6 Qxd6 26. Qg3 Qc6 27. d5 Qd6 28. Qxd6 exd6 29. Nxa6 Rbe8 30. Rfe1 Ng4 31. Nc7 Rb8 32. Re7+ Kh6 33. Rae1 Ne5 34. f4 Nd3 35. R1e6 Nxf4 36. Rxd6 Nd3 37. Ree6 Rhg8 38. Rb6 Rbd8 (38... Nxb2 $142 39. Rxg6+ Rxg6 40. Rxb8 Nd1 41. Rh8+ Kg7) 39. Rxb5 Rd7 40. d6 Rf8 41. Rb6 Rdf7 42. h4 Rf1+ 43. Kh2 {[%emt 0:02:25] aiming for d7.} Nf2 44. d7 Ng4+ 45. Kg3 R8f2 46. Rxg6+ Kh7 47. Rxg4 {[%emt 0:00:36] White took control after the opening.  Weighted Error Value: White=0.43/Black=0.66} 1-0

[Event "44th Chess Olympiad Open 2022"]
[Site "Chennai"]
[Date "2022.08.05"]
[Round "7.65"]
[White "Thomas, Larry"]
[Black "Frick, Renato"]
[Result "0-1"]
[ECO "D00"]
[WhiteElo "1317"]
[BlackElo "1900"]
[Annotator "TA"]
[PlyCount "100"]
[EventDate "2022.07.29"]
[EventType "team-tourn"]
[EventCountry "IND"]
[SourceTitle "playchess.com"]
[Source "ChessBase"]
[SourceQuality "1"]
[WhiteTeam "DMA"]
[BlackTeam "Liechtenstein"]
[BlackTeamCountry "LIE"]
[TimeControl "40/5400+30:1800+30"]

1. d4 Nf6 2. Nc3 d5 3. Bf4 g6 4. Qd2 c6 5. f3 b5 {[%emt 0:03:26] [#]} 6. Bh6 $146 {[%emt 0:02:35] D00: 1 d4 d5: Unusual lines.} ({White should try} 6. a3 $14) ({Predecessor:} 6. a3 Nbd7 7. e4 Nb6 8. e5 Nfd7 9. Bh6 a5 10. Bd3 Bb7 11. Bxf8 Nxf8 12. Nge2 {1-0 (27) Naroditsky,D (2646)-Borisek,J (2561) Chess.com INT 2016}) 6... Qa5 7. Bxf8 Rxf8 (7... Kxf8 $11 8. e4 b4) 8. e3 $14 {[%emt 0:01:10] White is slightly better.} Nbd7 9. Bd3 e5 10. a3 Qc7 11. Nge2 Bb7 12. Ng3 ({White should play} 12. b4 $14) 12... a5 13. O-O h5 14. dxe5 Nxe5 15. e4 O-O-O 16. exd5 Nxd5 17. Rfe1 f5 {[%emt 0:06:27] Inhibits Nge4.} (17... Nb6 $11) 18. Nge2 (18. Nxd5 $14 Rxd5 19. Ne2) 18... Qb6+ $15 19. Kh1 Ne3 (19... Qe3 $11 {keeps the balance.} 20. Qxe3 Nxe3) 20. Nf4 $16 N3c4 21. Qe2 Rfe8 22. Qf1 {[%emt 0:07:18][%mdl 8192] Now White is beyond hope.} (22. Bxc4 $16 {is necessary to keep the advantage.} bxc4 23. Qe3 Qxe3 24. Rxe3) 22... Nxb2 $19 23. Rab1 Nbxd3 24. cxd3 Qd4 25. Nce2 Qd6 26. d4 Nc4 27. Nd3 $2 (27. Rbc1) 27... Nd2 28. Qf2 Nxb1 29. Rxb1 Qxa3 30. Ne5 Qa2 31. Rc1 Qb2 32. Qe1 Rxe5 33. dxe5 Qxe5 34. Rc2 b4 {[%emt 0:00:41] [#] And now ...b3 would win.} 35. Qc1 Qd5 {[%emt 0:00:15] White must now prevent ...Qd1+.} 36. Ng1 Kc7 37. Rc5 Qd1 38. Qf4+ Kb6 39. Rc1 Qd2 40. Qc4 Qd5 {[%emt 0:00:37] [#] Hoping for ...Qxc4.} 41. Qe2 Ba6 42. Qe3+ Qd4 43. Qe6 Qd6 44. Qe3+ c5 45. Re1 a4 46. Rb1 Qd4 47. Qe6+ Rd6 48. Qe8 a3 {[%emt 0:00:00] aiming for ...a2.} 49. Qa4 Bb5 50. Qa8 Rd8 {[%emt 0:00:00] Weighted Error Value: White=0.62/Black=0.16 (very precise)} 0-1

[Event "44th Chess Olympiad Open 2022"]
[Site "Chennai"]
[Date "2022.08.05"]
[Round "7.67"]
[White "Willem Blijstra"]
[Black "Van den Brink, Peter"]
[Result "0-1"]
[ECO "D30"]
[WhiteElo "2198"]
[BlackElo "2167"]
[Annotator "ChessBase"]
[PlyCount "90"]
[EventDate "2022.07.29"]
[EventType "team-tourn"]
[EventCountry "IND"]
[SourceTitle "playchess.com"]
[Source "ChessBase"]
[SourceQuality "1"]
[WhiteTeam "Netherlands Antilles"]
[BlackTeam "ARU"]
[WhiteTeamCountry "AHO"]
[TimeControl "40/5400+30:1800+30"]

1. d4 d5 2. Nf3 Nf6 3. c4 e6 4. Bg5 Be7 5. e3 h6 6. Bh4 Ne4 7. Bxe7 Qxe7 8. Qb3 c6 9. Bd3 Nd7 10. O-O O-O 11. Qc2 Nef6 12. Qc3 c5 13. Nbd2 b6 14. Ne5 Bb7 15. f4 cxd4 16. exd4 Rfc8 17. b3 dxc4 18. bxc4 Nd5 19. Qb2 Ne3 20. Rf2 Nxe5 21. fxe5 Qg5 22. g3 h5 23. Rf4 Rc7 24. Be4 Nxc4 25. Qc3 Rac8 26. Bxb7 Nxd2 27. Qxd2 Rxb7 28. Raf1 Rbc7 29. R1f2 Qg6 30. d5 exd5 31. Qxd5 Qe6 32. Qf3 Qxe5 33. Rxf7 Qg5 34. Kg2 Rc2 35. Rf8+ Kh7 36. Qe4+ Qg6 37. Qxg6+ Kxg6 38. a4 Rxf2+ 39. Rxf2 Rc4 40. Ra2 Rb4 41. a5 b5 42. a6 Ra4 43. Rb2 b4 44. Kf3 Kf5 45. Kf2 Ke4 0-1